 Dungeon Crawl Stone Soup version 0.21.1-1-g345015f (webtiles) character file.

1608 sking99 the Carver (level 8, 0/59 HPs)
             Began as a Barachi Fighter on June 24, 2018.
             Slain by a yak (11 damage)
             ... on level 6 of the Dungeon.
             The game lasted 00:22:52 (7420 turns).

sking99 the Carver (Barachi Fighter)                Turns: 7420, Time: 00:22:54

Health: 0/59       AC: 10    Str: 18    XL:     8   Next: 95%
Magic:  8/8        EV:  4    Int:  8    God:
Gold:   229        SH:  9    Dex: 14    Spells: 7/7 levels left

rFire    . . .     SeeInvis .   a - +0 long sword
rCold    . . .     Gourm    .   c - +0 shield
rNeg     . . .     Faith    .   g - +0 chain mail
rPois    +         Spirit   .   (helmet restricted)
rElec    .         Reflect  .   t - +0 cloak
rCorr    .         Harm     .   (no gloves)
MR       .....                  (no boots)
Stlth    ..........             (no amulet)
HPRegen  0.19/turn              (no ring)
MPRegen  0.11/turn              (no ring)

@: flying, slow
A: +LOS, swims, antennae 1, poison resistance, slowness 1, strong legs 1
a: Hop


You were on level 6 of the Dungeon.
You were not hungry.

You visited 1 branch of the dungeon, and saw 6 of its levels.

You collected 229 gold pieces.

Inventory:

Hand Weapons
 a - a +0 long sword (weapon)
Armour
 b - a +0 scale mail
 c - a +0 shield (worn)
 g - a +0 chain mail (worn)
 t - a +0 cloak (worn)
Wands
 d - a wand of random effects (33)
 v - a wand of flame (13)
Scrolls
 e - a scroll of amnesia
 h - a scroll of fog
 l - a scroll of teleportation
 n - 3 scrolls of magic mapping
 o - 3 scrolls of identify
 r - a scroll of remove curse
Potions
 i - 2 potions of curing {unknown}
 j - 4 potions of degeneration
 k - a potion of haste {unknown}
 m - a potion of flight
 q - a potion of berserk rage {unknown}
Comestibles
 f - 6 rations


   Skills:
 - Level 3.6 Fighting
 + Level 12.8 Long Blades
 - Level 3.6 Armour
 - Level 3.2 Shields


You had 7 spell levels left.
You didn't know any spells.

Dungeon Overview and Level Annotations

Branches:
Dungeon (6/15)
 Temple: D:4-7

Altars:
Ashenzari
Fedhas
Hepliaklqana
Makhleb
Uskayaw
The Shining One

Shops:
D:5 *

Annotations:
D:4 Rwicked's ghost, amateur MiBe


Innate Abilities, Weirdness & Mutations

Shadows flee at your approach. (+LOS)
You can swim through water.
You cover ground slowly.
You can hop short distances.
You have a pair of small antennae on your head.
Your system is resistant to poisons. (rPois)


Message History

The yak is almost dead.
The yak gores you but does no damage.
You slash the yak!
You kill the yak!
The yak snorts and paws the ground.
You barely miss the yak.
The yak is heavily wounded.
You block the yak's attack.
You hit the yak.
The yak is severely wounded.
The yak gores you but does no damage.
You hit the yak.
The yak is severely wounded.
You are ready to hop once more.
You block the yak's attack.
You're too hungry.
You're too hungry.
You eat one of the 7 rations.
That ration really hit the spot!
The yak gores you!
You die...

#.# #........## ##.#
##........# #..# ##.......#
#..# ##.......# #.##
##..#.....# ##.# #...###...#
#..# ##<.## #####
#..#######..## *,
###Y.Y@........### *, #####
##..##Y...........#** *,
#...####..###..............#***
###....(### #...............#**
####.## #................# #.#
##...............#* #####.#
#...............#* #..##Y#
##..............#, ##...Y#
##.............#,


You could see 3 yaks.

Vanquished Creatures
  A hippogriff (D:5)
  Sigmund (D:2)
  A yak (D:6)
  Edmund (D:4)
  Purgy (D:3)
  An ogre (D:4)
  A big kobold (D:5)
  Blork the orc (D:5)
  A scorpion (D:4)
  2 crimson imps
  2 hounds (D:4)
  A centaur skeleton (D:4)
  An orc wizard (D:4)
  Crazy Yiuf (D:2)
  2 bullfrog skeletons
  Terence (D:2)
  4 worker ants
  Robin (D:3)
  9 adders
  3 oozes
  An adder skeleton (D:4)
  4 worms
  4 dart slugs
  4 leopard geckos
  8 orcs
  3 giant cockroaches
  19 goblins
  14 hobgoblins
  14 jackals
  A quokka (D:5)
  3 ball pythons
  10 bats
  A frilled lizard (D:1)
  A giant cockroach zombie (D:5)
  30 kobolds
  A quokka skeleton (D:4)
  8 rats
  A plant (D:5)
163 creatures vanquished.

Vanquished Creatures (others)
  A plant (D:5)
1 creature vanquished.

Grand Total: 164 creatures vanquished

Notes
Turn   | Place    | Note
-------+----------+-------------------------------------------
     0 | D:1      | sking99 the Barachi Fighter began the quest for the Orb.
     0 | D:1      | Reached XP level 1. HP: 18/18 MP: 1/1
    84 | D:1      | Reached skill level 3 in Long Blades
    97 | D:1      | Reached XP level 2. HP: 24/24 MP: 2/2
   390 | D:1      | Reached skill level 4 in Long Blades
   428 | D:1      | Reached XP level 3. HP: 29/29 MP: 3/3
  1173 | D:2      | Reached skill level 5 in Long Blades
  1199 | D:2      | Reached XP level 4. HP: 28/36 MP: 4/4
  1337 | D:2      | Noticed Sigmund
  1372 | D:3      | Gained mutation: You have a pair of small antennae on your head. [potion of mutation]
  1372 | D:3      | Gained mutation: Your system is resistant to poisons. (rPois) [potion of mutation]
  1834 | D:3      | Found a hide-covered altar of Uskayaw.
  1886 | D:3      | Noticed Robin
  1888 | D:3      | Reached skill level 6 in Long Blades
  1896 | D:3      | Reached XP level 5. HP: 40/41 MP: 5/5
  1904 | D:3      | Killed Robin
  2046 | D:3      | Noticed Purgy
  2069 | D:3      | Killed Purgy
  2069 | D:3      | Reached skill level 7 in Long Blades
  2069 | D:3      | Reached XP level 6. HP: 15/47 MP: 6/6
  2296 | D:3      | Found a blossoming altar of Fedhas.
  2720 | D:4      | Reached skill level 8 in Long Blades
  3048 | D:4      | Reached XP level 7. HP: 27/52 MP: 7/7
  3229 | D:4      | Reached skill level 9 in Long Blades
  3501 | D:4      | Noticed Rwicked's ghost (amateur MiBe)
  3514 | D:5      | Entered Level 5 of the Dungeon
  3796 | D:5      | Found Unleijups's Assorted Antiques.
  4151 | D:5      | Noticed Blork the orc
  4179 | D:5      | Killed Blork the orc
  4179 | D:5      | Reached skill level 10 in Long Blades
  4562 | D:5      | Noticed a hippogriff
  4588 | D:5      | Killed a hippogriff
  4588 | D:5      | Reached XP level 8. HP: 56/59 MP: 8/8
  4638 | D:5      | Reached skill level 11 in Long Blades
  4772 | D:5      | Found a hazy altar of Hepliaklqana.
  4772 | D:5      | Found a burning altar of Makhleb.
  4778 | D:5      | Found a glowing golden altar of the Shining One.
  4780 | D:5      | Found a faded altar of an unknown god.
  4781 | D:5      | Found a shattered altar of Ashenzari.
  5703 | D:3      | Found a hide-covered altar of Uskayaw.
  5785 | D:3      | Found a blossoming altar of Fedhas.
  6409 | D:2      | Noticed Terence
  6428 | D:2      | Killed Terence
  6514 | D:2      | Killed Sigmund
  6514 | D:2      | Reached skill level 12 in Long Blades
  6718 | D:2      | Found a runed door.
  6750 | D:2      | Noticed Crazy Yiuf
  6760 | D:2      | Killed Crazy Yiuf
  6949 | D:4      | Noticed Edmund
  6984 | D:4      | Killed Edmund
  7352 | D:6      | Noticed a yak
  7353 | D:6      | Noticed a yak
  7353 | D:6      | Noticed a yak
  7353 | D:6      | Noticed a yak
  7414 | D:6      | Killed a yak
  7420 | D:6      | Slain by a yak

Skill      XL: |  1  2  3  4  5  6  7  8 |
---------------+-------------------------+-----
Long Blades    | 3 4 5 6 7 8 10 12 | 12.8
Fighting       | |  3.6
Armour         | |  3.6
Shields        | |  3.2

Action                   |  1- 3 |  4- 6 |  7- 9 || total
-------------------------+-------+-------+-------++-------
Melee: Long sword        |   120 |   218 |   359 ||   697
 Abil: Hop               |       |     1 |     4 ||     5
  Use: Potion            |       |     1 |     4 ||     5
       Scroll            |       |       |     9 ||     9
  Eat: Chunk             |     2 |     2 |    11 ||    15
       Ration            |       |     1 |     2 ||     3
Armor: Scale mail        |    59 |    69 |       ||   128
       Chain mail        |       |    42 |    99 ||   141
Dodge: Dodged            |    32 |    75 |    30 ||   137
Block: Shield            |    63 |   102 |   126 ||   291
       Rpst.: Long sword |    14 |    14 |     5 ||    33
